 Dungeon Crawl Stone Soup version 0.19-a0-1682-g5114f93 (webtiles) character file.

907 Lochraine the Chiller (level 8, 0/52 HPs)
             Began as an Octopode Ice Elementalist on Sept 24, 2016.
             Was an Initiate of Kikubaaqudgha.
             Shot with an arrow by a centaur (11 damage)
             ... on level 7 of the Dungeon.
             The game lasted 00:32:58 (6646 turns).

Lochraine the Chiller (Octopode Ice Elementalist)   Turns: 6646, Time: 00:32:58

Health: 0/52       AC:  2    Str:  7    XL:     8   Next: 8%
Magic:  12/12      EV: 14    Int: 20    God:    Kikubaaqudgha [......]
Gold:   390        SH:  0    Dex: 12    Spells: 3 memorised, 7 levels left

rFire  + . .     SeeInvis .     w - -3 hand axe (curse)
rCold  . . .     Gourm    .     (no shield)
rNeg   . . .     Faith    .     (helmet restricted)
rPois  .         Spirit   .     (no amulet)
rElec  .         Dismiss  .     h - ring of flight
rCorr  .         Reflect  .     o - ring of protection from fire
MR     .....     Harm     .     (no ring)
Stlth  ++++......               (no ring)
                                (no ring)
                                (no ring)
                                (no ring)
                                (no ring)

@: no status effects
A: almost no armour, stealthy swim, amphibious, 8 rings, constrict 8, camouflage
1, gelatinous body 1
a: Renounce Religion, Evoke Flight


You were on level 7 of the Dungeon.
You worshipped Kikubaaqudgha.
Kikubaaqudgha was noncommittal.
You were not hungry.

You visited 2 branches of the dungeon, and saw 8 of its levels.

You collected 390 gold pieces.

Inventory:

Hand Weapons
 e - a +2 dagger of holy wrath
 j - a +0 short sword of draining
 v - a +3 mace of holy wrath
 w - a cursed -3 hand axe (weapon)
Jewellery
 h - a ring of flight (left tentacle)
 o - a ring of protection from fire (right tentacle)
Scrolls
 d - a scroll of blinking
 i - a scroll of identify
 p - a scroll of remove curse {unknown}
Potions
 c - a potion of resistance
 f - a potion of ambrosia {unknown}
 k - a potion of brilliance {unknown}
 n - a potion of might {unknown}
 q - 2 potions of haste {unknown}
Books
 a - a book of Frost

   Spells                             Type                      Level
   a - Freeze                         Ice                          1
   b - Throw Frost                    Conjuration/Ice              2
   c - Ozocubu's Armour               Charms/Ice                   3
   d - Throw Icicle                   Conjuration/Ice              4
   e - Summon Ice Beast               Ice/Summoning                4
Comestibles
 b - 3 bread rations
 g - a slice of pizza
 l - 2 fruits
 t - a meat ration


   Skills:
 - Level 3.0 Fighting
 - Level 4.0 Dodging
 - Level 4.2 Stealth
 + Level 3.2 Spellcasting
 - Level 4.0 Conjurations
 - Level 2.4 Charms
 - Level 5.2 Ice Magic


You had 7 spell levels left.
You knew the following spells:

 Your Spells              Type           Power        Failure   Level  Hunger
a - Freeze                Ice            ###.         1%          1    None
b - Throw Frost           Conj/Ice       ###...       3%          2    ##.....
c - Ozocubu's Armour      Chrm/Ice       ###.....     10%         3    ###....


Dungeon Overview and Level Annotations

Branches:
Dungeon (6/15)             Temple (1/1) D:4

Altars:
Ashenzari
Cheibriados
Dithmenos
Elyvilon
Gozag
Hepliaklqana
Kikubaaqudgha
Makhleb
Nemelex Xobeh
Okawaru
Qazlal
Ru
Sif Muna
Trog
Uskayaw
Xom
Yredelemnul
Zin
The Shining One

Annotations:
D:4 Edmund


Innate Abilities, Weirdness & Mutations

You cannot wear most types of armour.
You are very stealthy in the water.
You are amphibious.
You can wear up to eight rings at the same time.
You can use your tentacles to constrict eight enemies at once.
Your skin changes colour to match your surroundings (Stealth+).
Your rubbery body absorbs attacks. (AC +1, EV +1)


Message History

* * * LOW HITPOINT WARNING * * *
The arrow burns you.
* * * LOW HITPOINT WARNING * * *
You see here an arrow.
Okay, then.
As you read the scroll of fog, it crumbles to dust.
The scroll dissolves into smoke.
A centaur comes into view.
You are too injured to fight recklessly!
The helpless centaur fails to defend itself.
You hit the centaur but do no damage. The centaur barely misses you.
The centaur shoots an arrow.
The arrow hits you.
* * * LOW HITPOINT WARNING * * *
The centaur completely misses you.
The centaur wields a shortbow.
The centaur shoots an arrow.
The arrow completely misses you.
You see here an arrow.
The centaur shoots an arrow.
The arrow hits you!
You die...
Kikubaaqudgha rasps: "You have failed me!
Welcome... death!"

##.........
###..#....._...#
....##..._.....##
##.........#....
#.......#.....# ####
#............. ...####
##.......####§## .......
.........####§c##...####
##........§§§§§§@.......
######c######c##...####
#.# #§§#....# #(#
##§#....# #.# .#.#..#
#(## ...#.... #c.# ?...
..## ##.# ..## #.# #c#
..#


You could see 2 centaurs.

Vanquished Creatures
  A black bear (D:6)
  2 ogres (D:4)
  2 crimson imps (D:5)
  A hound (D:4)
  An orc priest (D:5)
  8 orc wizards
  2 worker ants (D:4)
  A worker ant zombie (D:6)
  A gnoll (D:3)
  7 adders
  2 adder skeletons
  An adder zombie (D:5)
  7 worms
  2 dart slugs
  5 leopard geckos
  23 orcs
  A ball python (D:3)
  5 bats
  5 giant cockroaches
  12 goblins
  8 hobgoblins
  8 jackals
  7 kobolds
  A quokka (D:2)
  5 frilled lizards
  A jackal skeleton (D:4)
  2 leopard gecko skeletons
  A leopard gecko zombie (D:5)
  4 rats
126 creatures vanquished.

Notes
Turn   | Place    | Note
-------+----------+-------------------------------------------
     0 | D:1      | Lochraine the Octopode Ice Elementalist began the quest for the Orb.
     0 | D:1      | Reached XP level 1. HP: 11/11 MP: 3/3
   152 | D:1      | Reached XP level 2. HP: 17/17 MP: 5/5
   243 | D:1      | Learned a level 2 spell: Throw Frost
   498 | D:1      | Reached XP level 3. HP: 21/21 MP: 2/6
   826 | D:2      | Reached skill level 4 in Ice Magic
  1356 | D:2      | Learned a level 3 spell: Ozocubu's Armour
  1468 | D:2      | Reached XP level 4. HP: 23/27 MP: 0/7
  2323 | D:3      | Reached XP level 5. HP: 24/31 MP: 8/8
  2759 | D:3      | Reached skill level 5 in Ice Magic
  2976 | D:3      | Reached skill level 1 in Charms
  3358 | D:4      | Reached XP level 6. HP: 30/36 MP: 5/9
  3739 | D:4      | Noticed Edmund
  4502 | D:4      | Reached XP level 7. HP: 42/45 MP: 0/10
  4913 | D:4      | Found a staircase to the Ecumenical Temple.
  4923 | Temple   | Entered the Ecumenical Temple
  5001 | Temple   | Became a worshipper of Kikubaaqudgha
  5162 | D:5      | Entered Level 5 of the Dungeon
  6419 | D:6      | Reached XP level 8. HP: 15/52 MP: 4/12
  6604 | D:6      | You fall through a shaft!
  6604 | D:7      | Noticed a yak
  6604 | D:7      | Noticed a yak
  6604 | D:7      | Noticed a yak
  6604 | D:7      | Noticed a yak
  6604 | D:7      | Noticed a yak
  6610 | D:7      | Found a shimmering altar of Xom.
  6610 | D:7      | Found a sparkling altar of Nemelex Xobeh.
  6611 | D:7      | Found a burning altar of Makhleb.
  6611 | D:7      | Found a hide-covered altar of Uskayaw.
  6613 | D:7      | Found a snail-covered altar of Cheibriados.
  6614 | D:7      | Found a stormy altar of Qazlal.
  6646 | D:7      | Shot with an arrow by a centaur

Vault maps used:
D:1:      lordsloth_arrival_two_stooges
D:3:      first_bread, corexii_shack
D:4:      uniq_edmund
D:6:      minmay_cornered_nines, roderic_malta_cross
D:7:      grunt_temple_overflow_open, uniq_crazy_yiuf_cottage
Temple:   cyrus_circular_temple

Skill      XL: |  1  2  3  4  5  6  7 |
---------------+----------------------+-----
Stealth        | 3 4 |  4.2
Ice Magic      | 4 5 |  5.2
Conjurations   | 2 4 |  4.0
Charms         | 2 |  2.4
Dodging        | 4 |  4.0
Fighting       | 2 3 |  3.0
Spellcasting   | 3 |  3.2

Action                   |  1- 3 |  4- 6 |  7- 9 || total
-------------------------+-------+-------+-------++-------
Melee: Dagger            |    49 |   101 |       ||   150
       Unarmed           |     3 |       |       ||     3
       Tentacles         |     8 |    17 |    15 ||    40
       Constrict         |    10 |    29 |    24 ||    63
       Hand axe          |       |    20 |   101 ||   121
 Cast: Freeze            |    15 |    30 |    19 ||    64
       Throw Frost       |    16 |    39 |    13 ||    68
       Ozocubu's Armour  |       |     4 |     6 ||    10
  Use: Scroll            |       |    10 |     3 ||    13
       Potion            |       |     5 |       ||     5
 Stab: Sleeping          |     8 |     5 |     4 ||    17
  Eat: Chunk             |     2 |    11 |    10 ||    23
       Beef jerky        |       |     1 |       ||     1
Armor: Skin              |     3 |    29 |    29 ||    61
Dodge: Dodged            |    27 |   106 |    91 ||   224
